Description

Neeb v SpeCial: Game 1 - Abyssal Reef LE Copy

Replay - Neeb v SpeCial: Game 1 - Abyssal Reef LE

Build Order

Get SALT Encoding   

  14  0:17  Pylon  
  16  0:36  Gateway  
  16  0:42  Assimilator  
  19  1:20  Nexus  
  20  1:32  Cybernetics Core  
  21  1:44  Assimilator  
  22  1:51  Pylon  
  23  2:06  Adept  
  27  2:24  Stargate  
  27  2:32  Adept, Warp Gate  
  35  2:59  Adept  
  37  3:06  Oracle  
  42  3:19  Pylon  
  47  3:41  Oracle  
  53  4:19  Assimilator  
  53  4:20  Pylon x2  
  53  4:21  Nexus  
  54  4:34  Phoenix  
  58  4:38  Mothership Core (Chrono Boost)  
  57  4:46  Adept  
  59  4:59  Phoenix  
  61  5:17  Assimilator  
  61  5:19  Twilight Council, Forge  
  63  5:22  Gateway x2  
  63  5:24  Adept, Phoenix  
  71  5:43  Protoss Ground Weapons Level 1  
  71  5:46  Phoenix  
  71  5:47  Resonating Glaives  
  71  5:48  Adept  
  81  6:08  Phoenix  
  84  6:24  Gateway x2  
  87  6:30  Phoenix, Gateway  
  87  6:31  Sentry  
  93  6:41  Assimilator x2  
  93  6:42  Robotics Facility  
  94  6:51  Phoenix  
  98  7:17  Phoenix, Gateway x2  
  100  7:24  Protoss Ground Armor Level 1  
  100  7:26  Adept x4  
  100  7:28  Blink  
  110  7:39  Phoenix  
  110  7:40  Warp Prism  
  112  7:48  Sentry  
  114  7:53  Nexus  
  120  8:17  Photon Cannon  
  120  8:18  Observer  
  127  8:22  Robotics Bay  
  127  8:23  Robotics Facility, Stalker  
  127  8:24  Photon Cannon  
  129  8:39  Observer  
  106  9:03  Extended Thermal Lance  
  106  9:08  Colossus x2  
  129  9:24  Photon Cannon  
  129  9:25  Assimilator x2  
  129  9:30  Photon Cannon  
  130  9:36  Stalker x3  
  130  9:37  Sentry  
  142  9:51  Protoss Ground Armor Level 2  
Spawning Tool Build Advisor. Get it on Overwolf

Go to:

Details

  • Created by: christianzangerl
  • Published on: Aug 13, 2017
  • Modified on: Aug 13, 2017
  • Patch: 3.8.0
Show
View Real Time Build Order
Export as new Build Order

Comments (0)

There are no comments. Be the first!

Create an account to comment!